 Dungeon Crawl Stone Soup version 0.30-a0-782-ge64f9170bb (webtiles) character file.

Game seed: 4135163688772310820

410 vineage the Fighter (level 6, -1/44 HPs)
             Began as a Gargoyle Fighter on Mar 16, 2023.
             Slain by an ogre
             ... wielding a +0 giant club
              (28 damage)
             ... on level 4 of the Dungeon.
             The game lasted 00:03:26 (3448 turns).

vineage the Fighter (Gargoyle Fighter)              Turns: 3448, Time: 00:03:26

Health: -1/44      AC: 13    Str: 20    XL:     6   Next: 89%
Magic:  6/6        EV:  9    Int:  8    God:
Gold:   201        SH:  4    Dex: 11    Spells: 5/5 levels left

rFire   . . .      SeeInvis .    a - +0 flail
rCold   . . .      Faith    .    c - +0 buckler
rNeg    + . .      Spirit   .    b - +0 scale mail
rPois   ∞          Reflect  .    h - +1 helmet
rElec   +          Harm     .    (no cloak)
rCorr   .          Rampage  .    (no gloves)
Will    .....                    (no boots) Stlth
                                 (no amulet)
HPRegen 0.27/turn                (no ring)
MPRegen 0.10/turn                (no ring)

@: no status effects
A: sickness immunity, AC +4, negative energy resistance 1, electricity
resistance, torment resistance 1, petrification resistance
a: no special abilities


You were on level 4 of the Dungeon.
You visited 1 branch of the dungeon, and saw 4 of its levels.

You collected 201 gold pieces.

Inventory:

Hand Weapons
 a - a +0 flail (weapon)
Armour
 b - a +0 scale mail (worn)
 c - a +0 buckler (worn)
 h - a +1 helmet (worn)
Scrolls
 f - 3 scrolls of identify
 k - a scroll of teleportation
 l - a scroll of magic mapping
Potions
 d - a potion of might
 e - a potion of haste
 g - 4 potions of curing
 i - a potion of magic
 j - 2 potions of invisibility
 m - 2 potions of brilliance
 n - a potion of degeneration {unknown}
 o - a potion of resistance {unknown}


   Skills:
 + Level 8.2 Fighting
 + Level 2.0 Maces & Flails
 + Level 3.3 Armour
 + Level 3.3 Shields


You had 5 spell levels left.
You didn't know any spells.
Your spell library contained the following spells:

 Spells                   Type           Power      Damage    Failure   Level
 Shock                    Conj/Air       0%         1d3       85%         1
 Sting                    Tmut/Pois      0%         1d3       85%         1
 Poisonous Vapours        Pois/Air       0%         N/A       94%         2
 Mephitic Cloud           Conj/Pois/Air  0%         N/A       99%         3
 Swiftness                Air            0%         N/A       99%         3
 Airstrike                Air            0%         2d(0-16)  100%        4
 Olgreb's Toxic Radiance  Pois           0%         N/A       100%        4
 Cigotuvi's Dreadful Rot  Necr/Pois/Air  Unusable   N/A       N/A         2

Dungeon Overview and Level Annotations

Branches:
Dungeon (4/15)
 Temple: D:4-7

Altars:
Ru
Sif Muna
Wu Jian


Innate Abilities, Weirdness & Mutations

You are immune to sickness and miasma.
Your stone body is resilient. (AC +4)
You are immune to poison.
You resist negative energy. (rN+)
You are resistant to electric shocks. (rElec)
You are resistant to unholy torment.
You are immune to petrification.


Message History

The orc completely misses you.
You hit the orc.
The orc is moderately wounded.
The orc barely misses you.
You closely miss the orc.
The orc is moderately wounded.
The orc hits you but does no damage.
You barely miss the orc.
The orc is moderately wounded.
The orc closely misses you. The orc hits you but does no damage.
You closely miss the orc.
The orc is moderately wounded.
The orc hits you but does no damage.
You hit the orc.
The orc is almost dead.
The orc hits you but does no damage.
You sock the orc!
You kill the orc!
No target in view!
No target in view!
No target in view!
No target in view!
No target in view!
No target in view!
No target in view!
No target in view!
No target in view!
No target in view!
Items here: )))) [[[.
f - 3 scrolls of identify An ogre comes into view.
It is wielding a +0 giant club.
Found an ornate altar of the Wu Jian Council.
The ogre shouts!
An ogre is nearby!
The ogre hits you with a +0 giant club!
You sock the ogre!
The ogre is heavily wounded.
The ogre hits you with a +0 giant club!!
Ouch! That really hurt!
You die...

#.# #######.# #.# #.#
# #.# ###.###
...###.# #.....#
#.....#######.###.#
..#####.....)...# #.#
_.....'..######.###.#
.#####..# #.....#
#.O@...# #######
........!..#
####...##### ####


You could see an ogre.

Vanquished Creatures
  A black bear (D:4)
  A scorpion (D:4)
  A gnoll bouda (D:3)
  An iguana (D:3)
  Natasha (thrice) (D:3)
  4 gnolls
  2 adders
  3 worms
  A dart slug (D:1)
  10 orcs
  5 bats
  8 endoplasms
  2 giant cockroaches
  2 goblins
  5 hobgoblins
  4 kobolds
  3 quokkas
  7 ball pythons
  A frilled lizard (D:1)
  8 rats
72 creatures vanquished.

Notes
Turn   | Place    | Note
-------+----------+-------------------------------------------
     0 | D:1      | vineage the Gargoyle Fighter began the quest for the Orb.
     0 | D:1      | Reached XP level 1. HP: 14/14 MP: 1/1
   128 | D:1      | Reached XP level 2. HP: 20/20 MP: 2/2
   228 | D:1      | Reached skill level 4 in Fighting
   668 | D:2      | Found a faded altar of an unknown god.
   737 | D:2      | Reached XP level 3. HP: 22/24 MP: 3/3
   814 | D:2      | Found a sacrificial altar of Ru.
  1002 | D:2      | Reached skill level 5 in Fighting
  1409 | D:2      | Reached XP level 4. HP: 19/31 MP: 4/4
  1642 | D:3      | Noticed Natasha
  1650 | D:3      | Killed Natasha
  1891 | D:3      | Noticed Natasha
  1932 | D:3      | Killed Natasha
  1933 | D:3      | Reached skill level 6 in Fighting
  1933 | D:3      | Reached XP level 5. HP: 18/36 MP: 5/5
  1942 | D:3      | Noticed Natasha
  1962 | D:3      | Killed Natasha
  2141 | D:3      | HP: 1/37 [iguana (7)]
  2866 | D:4      | Found a shimmering blue altar of Sif Muna.
  2938 | D:3      | Reached skill level 7 in Fighting
  2938 | D:3      | Reached XP level 6. HP: 23/44 MP: 6/6
  3196 | D:4      | Noticed a black bear
  3204 | D:4      | Killed a black bear
  3217 | D:4      | Reached skill level 8 in Fighting
  3445 | D:4      | Found an ornate altar of the Wu Jian Council.
  3448 | D:4      | Slain by an ogre

Illustrated notes

Levels and vault maps discovered:
D:1:      lordsloth_arrival_two_stooges, layout_basic
D:2:      layout_loops_ring, basic_altar, shapermc_ecumenical_altar_mp_highgroup
D:3:      layout_basic, minivault_25, uniq_natasha
D:4:      minmay_wonky_spiral, layout_loops_ring,
          mainiacjoe_overflow_small_starburst,
          mainiacjoe_overflow_surrounded_room, nicolae_shop_self_help,
          uniq_duvessa, uniq_menkaure, uniq_sigmund

Skill      XL: |  1  2  3  4  5  6 |
---------------+-------------------+-----
Fighting       | 4 5 6 7 8 |  8.2
Maces & Flails | |  2.0
Armour         | |  3.3
Shields        | |  3.3

Action                     |  1- 3 |  4- 6 || total
---------------------------+-------+-------++-------
  Melee: Flail             |   138 |   193 ||   331
    Use: Scroll            |     4 |     4 ||     8
         Potion            |       |     2 ||     2
 Armour: Scale mail        |    76 |   118 ||   194
  Dodge: Dodged            |    74 |    99 ||   173
  Block: Buckler           |    32 |    46 ||    78

Table legend: (Time is in decaauts)
 A = Elapsed time spent in this place.
 B = Non-inter-level travel time spent in this place.
 C = Inter-level travel time spent in this place.
 D = Time resting spent in this place.
 E = Time spent auto-exploring this place.
 F = Levels seen in this place.
 G = Mean time per level.
                   A        B        C        D        E       F      G
               +--------+--------+--------+--------+--------+-----+--------+
         Total |   3564 |   3460 |    104 |    582 |   2141 |   4 |  891.0 |
       Dungeon |   3564 |   3460 |    104 |    582 |   2141 |   4 |  891.0 |
               +--------+--------+--------+--------+--------+-----+--------+

Top non-repeatable levels by time:
     D:3: 1644 daAuts
     D:2: 824 daAuts
     D:1: 682 daAuts
     D:4: 412 daAuts
